Map: Desvio para o Azul LE

Players

Henrikulus - Winner!

  • Race: Protoss Protoss
  • League: Platinum
  • Spawn Location: 1:00

Vicster

  • Race: Terran Terran
  • League: Gold
  • Spawn Location: 7:00

VOD

Have the link to the VOD?

Description

Time

  • Played on: Jan. 5, 2019, 8:20 a.m.
  • Length: 9:49
Show
View Real Time Build Order
Export as new Build Order

Henrikulus Protoss - Winner!

Build Orders:  

Get SALT Encoding   

  12  0:13  Pylon  
  12  0:17  Probe  
  13  0:29  Probe  
  14  0:42  Gateway, Probe  
  15  0:51  Probe  
  16  0:58  Assimilator  
  16  1:00  Probe  
  17  1:12  Probe  
  17  1:13  Pylon  
  18  1:22  Assimilator  
  18  1:33  Cybernetics Core  
  18  1:39  Gateway  
  18  1:41  Pylon  
  18  1:58  Probe  
  19  2:03  Assimilator  
  19  2:07  Gateway  
  19  2:08  Warp Gate  
  19  2:10  Probe  
  20  2:21  Stalker  
  20  2:22  Probe  
  23  2:34  Probe  
  24  2:46  Probe  
  25  2:54  Stalker  
  25  2:56  Nexus  
  27  3:05  Stalker  
  29  3:13  Stalker  
  31  3:26  Pylon  
  31  3:31  Pylon  
  31  4:03  Probe  
  32  4:12  Forge  
  32  4:15  Probe  
  32  4:16  Twilight Council  
  33  4:17  Stalker x3  
  31  4:33  Probe x2  
  33  4:39  Protoss Ground Weapons Level 1  
  33  4:45  Probe x2  
  35  4:46  Robotics Facility  
  35  5:01  Dark Shrine  
  35  5:09  Gateway  
  35  5:23  Warp Prism  
  35  5:35  Charge  
  37  5:48  Stalker x3  
  43  6:04  Assimilator  
  43  6:08  Assimilator  
  43  6:14  Observer  
  43  6:15  Probe  
  43  6:16  Probe  
  46  6:28  Probe x2  
  48  6:40  Probe x2  
  50  6:48  Dark Templar x3  
  50  6:52  Probe  
  57  7:02  Dark Templar  
  59  7:29  Dark Templar  
  59  7:30  Dark Templar  
  59  7:56  Dark Templar  
  40  8:54  Nexus, Pylon  
  40  8:56  Pylon  
  40  8:57  Pylon  
  40  8:59  Pylon  
  40  9:01  Pylon  
  40  9:04  Pylon  
  40  9:08  Pylon  
  40  9:31  Zealot x2  
  40  9:32  Zealot x2  
Show
View Real Time Build Order
Export as new Build Order

Vicster Terran 

Build Orders:  

Get SALT Encoding   

  12  0:01  SCV  
  13  0:13  SCV  
  14  0:17  Supply Depot  
  14  0:25  SCV  
  14  0:27  Refinery  
  15  0:39  SCV  
  16  0:46  Barracks  
  16  0:51  SCV  
  17  1:03  SCV  
  18  1:15  SCV  
  19  1:27  SCV  
  20  1:34  Reaper  
  22  1:41  Orbital Command  
  21  1:54  Factory  
  20  2:05  Command Center  
  20  2:11  SCV  
  20  2:15  Barracks Reactor  
  21  2:23  SCV  
  21  2:28  Supply Depot  
  22  2:35  SCV  
  23  2:46  Factory Tech Lab, Barracks  
  23  2:49  SCV  
  24  3:02  Marine, SCV  
  24  3:03  Marine  
  27  3:07  Siege Tank  
  30  3:14  SCV  
  30  3:19  Refinery  
  31  3:23  Orbital Command  
  31  3:26  Marine x2, SCV  
  34  3:35  Barracks Tech Lab  
  34  3:38  SCV  
  34  3:39  Barracks  
  35  3:43  Marine  
  35  3:44  Marine  
  37  3:50  SCV  
  37  3:53  Siege Tank  
  37  3:55  Marine  
  42  4:01  Marine x2, SCV  
  42  4:02  SCV  
  46  4:16  Stimpack  
  46  4:17  SCV  
  46  4:19  Marine  
  46  4:28  Supply Depot  
  46  4:36  Barracks Tech Lab  
  46  4:37  Starport  
  46  4:48  Refinery x2  
  46  4:49  Marine x2  
  46  4:50  SCV x2  
  50  4:53  Supply Depot  
  50  4:54  Combat Shield  
  50  4:57  Marine  
  51  5:02  SCV x2  
  53  5:07  Marine  
  54  5:14  Marine, SCV  
  54  5:15  Supply Depot  
  56  5:23  Supply Depot, Siege Tank  
  56  5:25  Marine, Marauder  
  62  5:29  Engineering Bay  
  62  5:36  Marine, SCV x2  
  62  5:37  Marauder  
  67  5:46  Marauder  
  67  5:48  SCV x2  
  71  5:50  Marine  
  71  5:51  Starport Reactor  
  71  5:54  Marine  
  73  6:00  SCV x2  
  75  6:05  Supply Depot  
  75  6:06  Supply Depot  
  75  6:08  Supply Depot  
  75  6:11  Terran Infantry Weapons Level 1  
  75  6:13  SCV  
  76  6:25  SCV  
  77  6:34  Marauder  
  77  6:35  Marauder  
  77  6:37  Marine x2, Siege Tank  
  77  6:38  Medivac x2  
  77  6:39  SCV  
  91  6:47  Supply Depot  
  91  6:59  Command Center  
  64  7:48  Orbital Command  
  36  8:41  Orbital Command  
  36  8:44  Missile Turret  
  36  8:49  Barracks Tech Lab  
  36  8:51  Orbital Command  
  33  8:57  Barracks  
  33  8:59  Barracks  
  33  9:01  Barracks, Starport  
  33  9:04  Refinery x2  
  33  9:08  Siege Tank  
Tags
 
Add a new tag
Caveats
  • Supply blocks, unpowered buildings, or Contaminate may cause inaccurate times.
  • Supply counts are checked every 10 seconds.